 Dungeon Crawl Stone Soup version 0.20.1-1-g8b1a95d66d (webtiles) character file.

520 Popi the Slasher (level 7, 0/53 HPs)
             Began as a Human Fighter on Dec 18, 2017.
             Killed by divine providence
             ... invoked by an orc priest
              (16 damage)
             ... on level 4 of the Dungeon.
             The game lasted 00:05:38 (4640 turns).

Popi the Slasher (Human Fighter)                    Turns: 4640, Time: 00:05:39

Health: 0/53       AC:  8    Str: 19    XL:     7   Next: 45%
Magic:  7/7        EV: 11    Int:  8    God:
Gold:   162        SH:  0    Dex: 12    Spells: 6/6 levels left

rFire    . . .     SeeInvis .   a - +0 long sword
rCold    . . .     Gourm    .   (no shield)
rNeg     . . .     Faith    .   b - +0 scale mail
rPois    .         Spirit   .   i - +0 helmet (curse)
rElec    .         Reflect  .   (no cloak)
rCorr    .         Harm     .   (no gloves)
MR       .....                  (no boots)
Stlth    ..........             (no amulet)
Regen    0.2/turn               (no ring)
MPRegen  0.1/turn               (no ring)

@: lethally poisoned (0 -> -1)
A: no striking features
a: no special abilities


You were on level 4 of the Dungeon.
You were very hungry.

You visited 1 branch of the dungeon, and saw 5 of its levels.

You collected 162 gold pieces.

Inventory:

Hand Weapons
 a - a +0 long sword (weapon)
Armour
 b - a +0 scale mail (worn)
 i - a cursed +0 helmet (worn)
Jewellery
 o - an uncursed ring of protection from cold {unknown}
 p - a cursed ring of loudness {unknown}
Wands
 r - a wand of disintegration (9/24)
 u - a wand of digging (12/24)
Scrolls
 c - 3 scrolls of identify {unknown}
 e - 2 scrolls of fog {unknown}
 j - a scroll of fear {unknown}
 l - 5 scrolls of remove curse {unknown}
 n - 2 scrolls of teleportation {unknown}
 t - a scroll of enchant weapon {unknown}
Potions
 d - a potion of might
 k - 4 potions of heal wounds {unknown}
 m - a potion of degeneration {unknown}
 q - 2 potions of lignification {unknown}
 v - a potion of magic {unknown}
Comestibles
 f - a bread ration
 g - 4 royal jellies
 h - a meat ration


   Skills:
 + Level 3.9 Fighting
 + Level 5.1 Long Blades
 + Level 4.6 Armour
 * Level 3.2 Dodging
   Level 3.0 Shields


You had 6 spell levels left.
You didn't know any spells.

Dungeon Overview and Level Annotations

Branches:
Dungeon (5/15)
 Temple: D:4-7

Altars:


Message History

The worker ant closely misses you. The worker ant bites you.
You hit the worker ant.
The worker ant is moderately wounded.
The worker ant bites you but does no damage.
You barely miss the worker ant.
The worker ant is moderately wounded.
The worker ant closely misses you.
You riposte.
You hit the worker ant.
The worker ant is heavily wounded.
The worker ant bites you but does no damage.
You hit the worker ant but do no damage.
The worker ant is heavily wounded.
You feel sick. The worker ant bites you.
You hit the worker ant.
The worker ant is almost dead.
The worker ant barely misses you.
You closely miss the worker ant.
The worker ant is almost dead.
The orc priest invokes the aid of Beogh against you.
Beogh smites you!
You die...

#.#############.# ###########.#
#.......).....#.# #...........#
#.#########.....# #.######.##.#
#.# #.#.#.# #........##.#
#.#### #.#.#.# #..#####.##.#
.....# #.#.#.# #..#...#.##.#
.....# #.#.#.# #..#...#.##.#
.....######.#.#.###5.##[.#.##.#
................@aoo..[><#.##.#
#########.###.########.#.#.##.#
............................#.#
#########.###.######.########.#
#...........#.#.............#.#
#.######..#.#.#.####.######.#.#
#.# #..#.#.#.#..#.#......#^#
#.#### #..#(#.#.#....#.#..<.#.#
.....# #..#.#.#'##.###.#..#.#.#


You could see a worker ant, an orc priest, a crimson imp and an orc.

Vanquished Creatures
  A centaur (D:4)
  A bullfrog skeleton (D:4)
  An orc priest (D:2)
  A centaur skeleton (D:5)
  A hound (D:4)
  2 orc wizards
  Ijyb (D:2)
  Natasha (D:3)
  2 worker ants (D:4)
  Robin (D:4)
  6 adders
  An ooze (D:3)
  4 worms
  3 dart slugs
  5 leopard geckos
  8 orcs
  A giant cockroach (D:5)
  12 goblins
  9 hobgoblins
  2 quokkas (D:2)
  2 ball pythons (D:1)
  6 bats
  5 frilled lizards
  7 kobolds
  3 rats
86 creatures vanquished.

Notes
Turn   | Place    | Note
-------+----------+-------------------------------------------
     0 | D:1      | Popi the Human Fighter began the quest for the Orb.
     0 | D:1      | Reached XP level 1. HP: 18/18 MP: 1/1
   317 | D:1      | Reached skill level 1 in Dodging
   317 | D:1      | Reached XP level 2. HP: 24/24 MP: 2/2
   746 | D:2      | Reached XP level 3. HP: 25/29 MP: 3/3
   933 | D:2      | Reached XP level 4. HP: 29/35 MP: 4/4
  1160 | D:2      | Reached skill level 3 in Long Blades
  1520 | D:3      | Noticed Ijyb
  1902 | D:2      | Killed Ijyb
  1902 | D:2      | Reached XP level 5. HP: 9/41 MP: 5/5
  2486 | D:3      | Reached XP level 6. HP: 29/47 MP: 6/6
  2653 | D:3      | Found a faded altar of an unknown god.
  2983 | D:3      | Noticed Natasha
  2994 | D:3      | Killed Natasha
  2994 | D:3      | Reached skill level 4 in Long Blades
  3422 | D:4      | Noticed Robin
  3479 | D:4      | Killed Robin
  3878 | D:4      | Reached XP level 7. HP: 49/53 MP: 7/7
  4036 | D:5      | Entered Level 5 of the Dungeon
  4356 | D:4      | Reached skill level 5 in Long Blades
  4640 | D:4      | Killed from afar by an orc priest

Skill      XL: |  1  2  3  4  5  6  7 |
---------------+----------------------+-----
Dodging        | 1 2 3 |  3.2
Long Blades    | 3 4 5 |  5.1
Armour         | 4 |  4.6
Fighting       | |  3.9
Shields        | |  3.0

Action                   |  1- 3 |  4- 6 |  7- 9 || total
-------------------------+-------+-------+-------++-------
Melee: Long sword        |    70 |   214 |    45 ||   329
  Eat: Chunk             |       |     9 |     2 ||    11
Armor: Scale mail        |    52 |   115 |    40 ||   207
Dodge: Dodged            |    59 |   137 |    49 ||   245
       Rpst.: Long sword |    20 |    30 |    13 ||    63
